 Dungeon Crawl Stone Soup version 0.23.0 (webtiles) character file.

Game seed: 13007959816232974493

116 Monsterracer the Chopper (level 5, -7/32 HPs)
             Began as a Gargoyle Fighter on Feb 8, 2019.
             Blown up by Ijyb (22 damage)
             ... with a wand of disintegration (14)
             ... on level 3 of the Dungeon.
             The game lasted 00:01:21 (2098 turns).

Monsterracer the Chopper (Gargoyle Fighter)         Turns: 2098, Time: 00:01:22

Health: -7/32      AC: 12    Str: 26    XL:     5   Next: 1%
Magic:  5/5        EV:  7    Int:  8    God:
Gold:   134        SH:  9    Dex:  9    Spells: 4/4 levels left

rFire    . . .     SeeInvis .   a - +0 war axe
rCold    . . .     Gourm    .   f - +0 shield
rNeg     + . .     Faith    .   b - +0 scale mail
rPois    ∞         Spirit   .   n - +0 helmet (curse)
rElec    +         Reflect  .   (no cloak)
rCorr    .         Harm     .   (no gloves)
MR       .....                  (no boots)
Stlth    ..........             (no amulet)
HPRegen  0.10/turn              (no ring)
MPRegen  0.09/turn              (no ring)

@: mighty
A: negative energy resistance 1, electricity resistance, unbreathing,
petrification resistance, rot immunity, AC +4
a: no special abilities


You were on level 3 of the Dungeon.
You were not hungry.

You visited 1 branch of the dungeon, and saw 3 of its levels.

You collected 134 gold pieces.

Inventory:

Hand Weapons
 a - a +0 war axe (weapon)
Armour
 b - a +0 scale mail (worn)
 f - a +0 shield (worn)
 n - a cursed +0 helmet (worn)
Scrolls
 e - a scroll of random uselessness {unknown}
 g - 8 scrolls of identify {unknown}
 i - a scroll of enchant armour {unknown}
 j - a scroll of teleportation {unknown}
 k - a scroll of fog {unknown}
 l - a scroll of remove curse {unknown}
Potions
 h - 2 potions of curing {unknown}
 m - a potion of heal wounds {unknown}
 o - 2 potions of agility {unknown}
 p - a potion of brilliance {unknown}
Comestibles
 c - 4 rations


   Skills:
 - Level 3.2 Fighting
 + Level 4.5 Axes
 - Level 3.2 Armour
 - Level 3.2 Shields


You had 4 spell levels left.
You didn't know any spells.
Your spell library was empty.

Dungeon Overview and Level Annotations

Branches:
Dungeon (3/15)

Altars:
Sif Muna
Vehumet
Yredelemnul

Annotations:
D:3 Ijyb


Innate Abilities, Weirdness & Mutations

You are resistant to torment.
Your stone body is resilient. (AC +4)
You are immune to poison.
You resist negative energy. (rN+)
You are resistant to electric shocks. (rElec)
You can survive without breathing.
You are immune to petrification.
You are immune to rotting.


Message History

You slash the rat!
You kill the rat!
You butcher the rat corpse.
q - a chunk of flesh You see here a rat skeleton. x2
Eating a chunk of flesh.
You eat the chunk of flesh.
This raw flesh tastes terrible.
A giant cockroach comes into view.
An orc comes into view. It is wielding a +0 short sword.
The orc shouts!
A goblin comes into view. It is wielding a +0 club.
There are monsters nearby!
You slash the giant cockroach!
You kill the giant cockroach!
There are monsters nearby!
You see here a giant cockroach corpse.
There are monsters nearby!
There are monsters nearby!
You slash the orc!
You kill the orc!
You closely miss the goblin. The goblin closely misses you.
You block the goblin's attack.
A goblin is nearby!
You hit the goblin but do no damage. The goblin hits you but does no damage.
You slash the goblin!
You kill the goblin!
No target in view!
g - 6 scrolls labeled CAICWE VEKHLI (gained 1)
Items here: )) [[ †† No target in view!
Key pressed, stopping explore.
No target in view!
You see here a giant cockroach corpse.
g - 7 scrolls labeled CAICWE VEKHLI (gained 1)
You see here a giant cockroach corpse.
Items here: )) [[ †† You open the door.
A giant cockroach comes into view.
Found a scroll labeled CAICWE VEKHLI.
Natasha, Servant of Life and Death comes into view.
Natasha hisses angrily.
Natasha casts a spell.
There is an open door here.
There are monsters nearby!
You slash the giant cockroach!
You kill the giant cockroach!
The crimson imp blinks!
There are monsters nearby!
You closely miss Natasha. You block Natasha's attack.
The crimson imp shouts, "Turn tail, thou droning full-gorged tinkerer!"
The crimson imp blinks!
Natasha claws you but does no damage.
There are monsters nearby!
You slash Natasha!
You kill Natasha!
Natasha screams in pain as she dies!
The crimson imp disappears in a puff of smoke!
You have reached level 5!
Health restored: 32; MP restored: 5
g - 8 scrolls labeled CAICWE VEKHLI (gained 1)
You see here a giant cockroach corpse.
You open the door.
There is an open door here.
Found a hand axe.
You now have 134 gold pieces (gained 6).
A goblin comes into view. It is wielding a +2 dagger of speed.
The goblin shouts!
The goblin unwields a +2 dagger of speed.
The goblin wields a +0 hunting sling of flaming.
It bursts into flame!
The goblin shoots a stone.
The stone hits you but does no damage.
You see here a stone.
A goblin is nearby!
A frilled lizard and Ijyb come into view.
Ijyb zaps a wand.
You are blasted!
A rat comes into view.
Found 10 gold pieces.
There are monsters nearby!
The goblin shoots a stone.
The stone barely misses you.
There are monsters nearby!
You take 5 damage, and have 27/32 hp.
Ijyb barely misses you.
Found 21 bolts.
You barely miss Ijyb. Ijyb screams, "Me kill you!"
Ijyb hits you but does no damage. You block Ijyb's attack.
Your shield and scale mail prevent you from hitting Ijyb.
Ijyb zaps a wand.
You are blasted!
The frilled lizard unfolds its giant frill.
You are too injured to fight recklessly!
You take 10 damage, and have 17/32 hp.
MASSIVE DAMAGE!!
You hit Ijyb.
Ijyb is lightly wounded.
Ijyb hits you.
* * * LOW HITPOINT WARNING * * *
The rat bites you but does no damage.
You take 2 damage, and have 15/32 hp.
You feel very mighty all of a sudden.
Ijyb zaps a wand.
You are blasted!
Ouch! That really hurt!
You die...

####'## ..... #.# $....
#.# ....######.## # #
............+ #.#.
###.########.## ....(
..........#.####
......####.######......#
.....lg@r...((..#......#
.....g####.###..........
##### #.# #.........#
#.# #....###### #.#
#....# #.# #....# #.#
##.#.# #.# #.#.. .. ##


You could see Ijyb, a goblin, a frilled lizard and a rat.

Vanquished Creatures
  Natasha (D:3)
  5 adders (D:2)
  A dart slug (D:1)
  2 leopard geckos (D:2)
  An orc (D:3)
  3 giant cockroaches
  6 goblins
  4 hobgoblins
  A quokka (D:3)
  4 bats (D:1)
  5 frilled lizards
  3 kobolds (D:1)
  7 rats
  A spectral orc (D:2)
44 creatures vanquished.

Notes
Turn   | Place    | Note
-------+----------+-------------------------------------------
     0 | D:1      | Monsterracer the Gargoyle Fighter began the quest for the
                  | Orb.
     0 | D:1      | Reached XP level 1. HP: 14/14 MP: 1/1
    57 | D:1      | Reached skill level 2 in Axes
    83 | D:1      | Reached XP level 2. HP: 19/19 MP: 2/2
   808 | D:2      | Found a radiant altar of Vehumet.
   811 | D:2      | Reached skill level 3 in Axes
   811 | D:2      | Reached XP level 3. HP: 23/23 MP: 3/3
  1154 | D:2      | Reached XP level 4. HP: 26/28 MP: 4/4
  1309 | D:2      | Found a basalt altar of Yredelemnul.
  1455 | D:2      | Reached skill level 4 in Axes
  1896 | D:2      | Found a deep blue altar of Sif Muna.
  2065 | D:3      | Noticed Natasha
  2068 | D:3      | Killed Natasha
  2068 | D:3      | Reached XP level 5. HP: 32/32 MP: 5/5
  2090 | D:3      | Noticed Ijyb
  2097 | D:3      | HP: 15/32 [Ijyb (2)]
  2098 | D:3      | Blown up by Ijyb

Skill      XL: |  1  2  3  4 |
---------------+-------------+-----
Axes           | 2 3 4 |  4.5
Fighting       | |  3.2
Armour         | |  3.2
Shields        | |  3.2

Action                   |  1- 3 |  4- 6 || total
-------------------------+-------+-------++-------
Melee: War axe           |   117 |    66 ||   183
  Use: Potion            |       |     1 ||     1
  Eat: Chunk             |     1 |     3 ||     4
Armor: Scale mail        |    87 |    31 ||   118
Dodge: Dodged            |    43 |    16 ||    59
Block: Shield            |    61 |    36 ||    97

Levels and vault maps discovered:
D:1:      dpeg_arrival_rhombus, layout_loops_ring, minmay_tall_x
D:2:      layout_basic, yredelemnul_forgotten_temple_becter,
          lemuel_blue_sif_altar, lemuel_crystal_altar, grunt_ministairs_9
D:3:      layout_basic, uniq_natasha, uniq_ijyb
